 Dungeon Crawl Stone Soup version 0.20.1-1-g8b1a95d (webtiles) character file.

67 McKennaii the Gusty (level 4, 0/24 HPs)
             Began as a Tengu Air Elementalist on Sept 3, 2017.
             Succumbed to an adder's poison
             ... on level 1 of the Dungeon.
             The game lasted 00:03:50 (1616 turns).

McKennaii the Gusty (Tengu Air Elementalist)        Turns: 1616, Time: 00:03:51

Health: 0/24       AC:  2    Str:  9    XL:     4   Next: 16%
Magic:  2/9        EV: 13    Int: 16    God:
Gold:   58         SH:  0    Dex: 14    Spells: 7/8 levels left

rFire    . . .     SeeInvis .   (no weapon)
rCold    . . .     Gourm    .   (no shield)
rNeg     . . .     Faith    .   a - +0 robe
rPois    .         Spirit   .   (helmet restricted)
rElec    .         Reflect  .   (no cloak)
rCorr    .         Harm     .   (no gloves)
MR       .....                  (boots unavailable)
Stlth    ++........             (no amulet)
Regen    0.1/turn               (no ring)
MPRegen  0.2/turn               (no ring)

@: lethally poisoned (0 -> -3)
A: beak, talons 3
a: no special abilities


You were on level 1 of the Dungeon.
You were not hungry.

You visited 1 branch of the dungeon, and saw 2 of its levels.

You collected 58 gold pieces.

Inventory:

Armour
 a - a +0 robe (worn)
 d - a +2 shield
Scrolls
 f - a scroll of remove curse
Potions
 e - 2 potions of agility
 h - a potion of flight
Books
 b - a book of Air

   Spells                             Type                      Level
   a - Shock                          Conjuration/Air              1
   b - Swiftness                      Charms/Air                   2
   c - Static Discharge               Conjuration/Air              3
   d - Airstrike                      Air                          4
   e - Lightning Bolt                 Conjuration/Air              5
Comestibles
 c - 2 bread rations


   Skills:
 + Level 2.8 Dodging
 + Level 2.1 Stealth
 + Level 2.8 Spellcasting
 + Level 2.4 Conjurations
 + Level 4.7 Air Magic


You had 7 spell levels left.
You knew the following spells:

 Your Spells              Type           Power        Failure   Level  Hunger
a - Shock                 Conj/Air       ##..         4%          1    #......


Dungeon Overview and Level Annotations

Branches:
Dungeon (2/15)

Altars:


Innate Abilities, Weirdness & Mutations

You have a beak for a mouth.
You have claws for feet.


Message History

Okay, then.
As you read the scroll labeled ULLEGGENKYO, it crumbles to dust.
You feel blessed for a moment.
It was a scroll of remove curse.
* * * LOW HITPOINT WARNING * * *
You feel sick.
As you read the scroll labeled DYPSUBE JUIGYOSH, it crumbles to dust.
It is a scroll of identify.
d - a +2 shield
* * * LOW HITPOINT WARNING * * *
You feel sick.
You see here an adder corpse.
Things that are here:
a club; a goblin corpse
There is a stone staircase leading down here.
* * * LOW HITPOINT WARNING * * *
You feel sick.
Things that are here:
a club; a goblin corpse You see here an adder corpse.
You die...

#..###.........###'###....(.(.
#....####...####.)...####...##
#.......#####...........#####.
##..........)........##.......
#.##..###...##........##......
#.##### ########..###.###..###
#################.########.###
#..........................
#.########@#.###.###..)####
#.# #.#.# #†# #...# #.# #.#.#
#.# #...# ## #.# #†#.# #.#
##### #.
#.########)#.###.#########.
#.........>......(.........
#.##########.............##
#.##...........#.#.########
#.)..........#............#


There were no monsters in sight!

Vanquished Creatures
  A gnoll (D:2)
  An adder (D:1)
  2 dart slugs (D:1)
  A leopard gecko (D:1)
  2 orcs (D:1)
  A giant cockroach (D:2)
  7 hobgoblins (D:1)
  3 jackals (D:1)
  9 bats (D:1)
  A frilled lizard (D:1)
  5 goblins (D:1)
  5 kobolds (D:1)
  3 rats (D:1)
41 creatures vanquished.

Notes
Turn   | Place    | Note
-------+----------+-------------------------------------------
     0 | D:1      | McKennaii the Tengu Air Elementalist began the quest for the Orb.
     0 | D:1      | Reached XP level 1. HP: 10/10 MP: 4/4
   201 | D:1      | Reached XP level 2. HP: 6/15 MP: 1/6
   812 | D:1      | Reached XP level 3. HP: 19/19 MP: 5/7
  1598 | D:1      | Reached XP level 4. HP: 13/24 MP: 5/9
  1609 | D:1      | HP: 1/24 [poisoned by an adder]
  1616 | D:1      | Succumbed to an adder's poison

Skill      XL: |  1  2  3 |
---------------+----------+-----
Conjurations   | 2 |  2.4
Dodging        | |  2.8
Stealth        | |  2.1
Spellcasting   | |  2.8
Air Magic      | |  4.7

Action                   |  1- 3 |  4- 6 || total
-------------------------+-------+-------++-------
Melee: Unarmed           |     8 |       ||     8
       Peck              |     4 |       ||     4
       Kick              |     3 |       ||     3
 Cast: Shock             |    86 |     6 ||    92
  Use: Potion            |       |     3 ||     3
       Scroll            |       |     2 ||     2
  Eat: Chunk             |     3 |       ||     3
Armor: Robe              |     2 |     1 ||     3
Dodge: Dodged            |    25 |     2 ||    27
